 Dungeon Crawl Stone Soup version 0.28-a0-828-g0121872642 (webtiles) character file.

Game seed: 2635280476464753855

53 adelrune the Insei (level 4, 0/33 HPs)
             Began as a Djinni Transmuter on Nov 10, 2021.
             Was a Follower of Qazlal.
             Slain by a bat (1 damage)
             ... on level 2 of the Dungeon.
             The game lasted 00:06:59 (1928 turns).

adelrune the Insei (Djinni Transmuter)              Turns: 1928, Time: 00:06:59

Health: 0/33       AC:  2    Str:  9    XL:     4   Next: 11%
Gold:   123        EV: 12    Int: 16    God:    Qazlal [*.....] SH:  2 Dex: 13

rFire   + + +      SeeInvis .     - Unarmed
rCold   . . .      Faith    .   (no shield)
rNeg    . . .      Spirit   .   a - +0 robe
rPois   ∞          Reflect  .   (no helmet)
rElec   .          Harm     .   g - scarf {rC+ rF+}
rCorr   .          Rampage  .   (no gloves)
Will    .....                   (boots unavailable)
Stlth   +.........              (no amulet)
HPRegen 0.11/turn               (no ring)
MPRegen 0.00/turn               (no ring)

@: wereblooded, flying
A: sickness immunity, fire resistance 2, cold vulnerability 1, float, innate
caster, hp casting, extra vitality 1
a: Renounce Religion


You were on level 2 of the Dungeon.
You worshipped Qazlal.
Qazlal was aware of your devotion.
You visited 1 branch of the dungeon, and saw 2 of its levels.

You collected 123 gold pieces.

Inventory:

Missiles
 f - 11 stones
Armour
 a - a +0 robe (worn)
 b - a +0 cloak
 g - a scarf of resistance (worn)
Scrolls
 h - 2 scrolls of teleportation {unknown}
Potions
 c - a potion of curing {unknown}
 d - a potion of brilliance {unknown}
 e - a potion of attraction {unknown}


   Skills:
 + Level 1.8 Fighting
 - Level 2.1 Dodging
 + Level 3.4 Unarmed Combat
 * Level 2.4 Spellcasting


You couldn't memorise any spells.
You knew the following spells:

 Your Spells              Type           Power      Damage    Failure   Level
a - Beastly Appendage     Tmut           18%        N/A       7%          1
b - Wereblood             Tmut           9%         N/A       11%         2
c - Spider Form           Tmut/Pois      9%         N/A       22%         3
d - Ice Form              Ice/Tmut       9%         N/A       56%         4
e - Sandblast             Erth           18%        2d7       7%          1
Your spell library was empty.

Dungeon Overview and Level Annotations

Branches:
Dungeon (2/15)

Altars:
Qazlal


Innate Abilities, Weirdness & Mutations

You are immune to sickness and miasma.
You are immune to poison.
Your flesh is very heat resistant. (rF++)
You are vulnerable to cold. (rC-)
You float through the air rather than walking.
You learn spells naturally, not from books.
Your magical power is your life essence.
You have superior vitality. (+4 HP)


Message History

You hit the adder.
You feel a bit better.
You kill the adder!
Qazlal accepts your kill. The bat barely misses you.
The worm barely misses you.
You have reached level 4!
You feel clever.
You hit the worm.
The worm is moderately wounded.
The bat closely misses you. The dart slug launches a dart at you.
The slug dart hits you.
You hit the worm.
The worm is heavily wounded.
The bat hits you. You block the worm's attack. The dart slug bites you.
You hit the worm.
The worm is heavily wounded.
The bat closely misses you. The worm bites you.
* * * LOW HITPOINT WARNING * * *
You hit the worm.
The worm is heavily wounded.
The bat barely misses you. The dart slug barely misses you.
You hit the worm.
The worm is almost dead.
The bat barely misses you. The dart slug launches a dart at you.
The slug dart hits you.
* * * LOW HITPOINT WARNING * * *
The worm bites you but does no damage.
You hit the worm.
You feel a bit better.
You kill the worm!
Qazlal accepts your kill. You block the bat's attack. The bat hits you.
* * * LOW HITPOINT WARNING * * *
You closely miss the bat. The bat hits you but does no damage.
The dart slug bites you.
* * * LOW HITPOINT WARNING * * *
The bat hits you.
* * * LOW HITPOINT WARNING * * *
You completely miss the dart slug. The bat hits you.
You die...

......#†.........
......#.......#
......#.......#
....###.......#
..............#
.##..|..###...####
.##.....# #......#
.#.....## #......#
.#..... #.....@#
.....
........wb......
.................
..................
..................
..................
........?.......
........?......


You could see a dart slug and a bat.

Vanquished Creatures
  2 adders (D:2)
  3 worms
  7 endoplasms
  A giant cockroach (D:1)
  3 hobgoblins (D:1)
  2 ball pythons (D:1)
  3 bats (D:1)
  3 frilled lizards
  A goblin (D:1)
  5 rats
30 creatures vanquished.

Vanquished Creatures (others)
  A fungus (D:2)
  3 toadstools (D:2)
4 creatures vanquished.

Grand Total: 34 creatures vanquished

Notes
Turn   | Place    | Note
-------+----------+-------------------------------------------
     0 | D:1      | adelrune the Djinni Transmuter began the quest for the Orb.
     0 | D:1      | Reached XP level 1. HP: 17/17 MP: 0/0
   143 | D:1      | Reached XP level 2. HP: 16/22 MP: 0/0
   520 | D:1      | Noticed a great orb of eyes
   522 | D:1      | Found a faded altar of an unknown god.
   524 | D:1      | Noticed an eye of devastation
   524 | D:1      | Noticed a great orb of eyes
   524 | D:1      | Noticed a golden eye
   583 | D:1      | Prayed at the altar of an unknown god.
   583 | D:1      | Became a worshipper of Qazlal Stormbringer
   583 | D:1      | Reached * piety under Qazlal
   868 | D:1      | Reached XP level 3. HP: 22/27 MP: 0/0
   868 | D:1      | Learned a level 1 spell: Sandblast
  1921 | D:2      | Reached XP level 4. HP: 15/33 MP: 0/0
  1927 | D:2      | HP: 1/33 [bat (1)]
  1928 | D:2      | Slain by a bat

Illustrated notes

Levels and vault maps discovered:
D:1:      dpeg_arrival_boxorama, layout_basic,
          hellmonk_ecumenical_altar_watching_god, minmay_indecisive_spiral
D:2:      layout_basic, serial_shops, shop, minmay_gold_behind_fungi,
          minmay_misc_feat_enclosed

Skill      XL: |  1  2 |
---------------+-------+-----
Spellcasting   | 2 |  2.4
Fighting       | |  1.8
Dodging        | |  2.1
Unarmed Combat | |  3.4

Action                   |  1- 3 |  4- 6 || total
-------------------------+-------+-------++-------
Melee: Unarmed           |   108 |     8 ||   116
       Headbutt          |    13 |       ||    13
       Punch             |     1 |       ||     1
 Cast: Beastly Appendage |     9 |       ||     9
       Sandblast         |     6 |       ||     6
       Wereblood         |     3 |       ||     3
Armor: Robe              |    16 |     2 ||    18
Dodge: Dodged            |    64 |     5 ||    69
Block: Other             |     3 |     2 ||     5

Table legend: (Time is in decaauts)
 A = Elapsed time spent in this place.
 B = Non-inter-level travel time spent in this place.
 C = Inter-level travel time spent in this place.
 D = Time resting spent in this place.
 E = Time spent auto-exploring this place.
 F = Levels seen in this place.
 G = Mean time per level.
                   A        B        C        D        E       F      G
               +--------+--------+--------+--------+--------+-----+--------+
         Total |   1923 |   1774 |    149 |    428 |   1011 |   2 |  961.5 |
       Dungeon |   1923 |   1774 |    149 |    428 |   1011 |   2 |  961.5 |
               +--------+--------+--------+--------+--------+-----+--------+

Top non-repeatable levels by time:
     D:1: 1791 daAuts
     D:2: 132 daAuts
